 Dungeon Crawl Stone Soup version 0.23.2-1-ga50397a6bc (webtiles) character file.

Game seed: 2774713389741860953

71 MisterOstroum the Poker (level 4, 0/35 HPs)
             Began as a Merfolk Skald on May 21, 2019.
             Slain by Terence
             ... wielding a +0 flail
              (2 damage)
             ... on level 3 of the Dungeon.
             The game lasted 00:05:16 (2492 turns).

MisterOstroum the Poker (Merfolk Skald)             Turns: 2492, Time: 00:05:16

Health: 0/35       AC:  3    Str: 11 (12) XL:     4   Next: 24%
Magic:  3/7        EV: 12    Int:  9 (12) God:
Gold:   128        SH:  0    Dex: 12 (13) Spells: 6/7 levels left

rFire    + . .     SeeInvis .   a - +0 spear
rCold    . . .     Gourm    .   (no shield)
rNeg     . . .     Faith    .   b - +0 leather armour
rPois    .         Spirit   .   (no helmet)
rElec    .         Reflect  .   (no cloak)
rCorr    .         Harm     .   (no gloves)
MR       .....                  (no boots)
Stlth    +.........             (no amulet)
HPRegen  0.11/turn              t - ring of protection from fire
MPRegen  0.10/turn              (no ring)

@: no status effects
A: change form in water, swift swim, stealthy swim
a: no special abilities


You were on level 3 of the Dungeon.
You were not hungry.

You visited 1 branch of the dungeon, and saw 3 of its levels.

You collected 128 gold pieces.

Inventory:

Hand Weapons
 a - a +0 spear (weapon)
 w - a +0 blowgun
Missiles
 g - 88 stones (quivered)
 m - 48 sling bullets
 r - 14 poisoned needles
Armour
 b - a +0 leather armour (worn)
 h - a +0 pair of gloves
 q - a +0 robe
Jewellery
 t - a ring of protection from fire (left hand)
Scrolls
 c - a scroll of immolation {unknown}
 d - a scroll of blinking {unknown}
 f - 4 scrolls of identify {unknown}
 i - 3 scrolls of teleportation {unknown}
 j - a scroll of random uselessness {unknown}
 k - 5 scrolls of remove curse {unknown}
 l - a scroll of fog {unknown}
 s - a scroll of fear {unknown}
 u - a scroll of magic mapping {unknown}
 v - a scroll of amnesia {unknown}
Potions
 n - a potion of invisibility
 o - a potion of curing {@q1 !q}
 p - 2 potions of haste {unknown}
Comestibles
 e - 7 rations
 x - a chunk of flesh


   Skills:
 + Level 3.2 Fighting
 * Level 5.5 Polearms
 - Level 0.6 Armour
 - Level 2.6 Dodging
 - Level 2.0 Spellcasting
 - Level 3.2 Charms


You had 6 spell levels left.
You knew the following spells:

 Your Spells              Type           Power        Failure   Level  Hunger
a - Infusion              Chrm           #...         12%         1    ##.....

Your spell library contained the following spells:

 Spells                   Type           Power        Failure   Level  Hunger
 Song of Slaying          Chrm           #.......     17%         2    ###....
 Shroud of Golubria       Chrm/Tloc      #.........   34%         2    ###....
 Regeneration             Chrm/Necr      #.........   56%         3    ####...
 Spectral Weapon          Hex/Chrm       #.......     56%         3    ####...


Dungeon Overview and Level Annotations

Branches:
Dungeon (3/15)

Altars:

Annotations:
D:3 Terence


Message History

You begin infusing your attacks with magical energy.
Throwing (i - inventory)
g - 89 stones (quivered)
Press: ? - help, Shift-Dir - straight line, f - Terence
Aim: Terence, wielding a +0 flail and wearing a +0 chain mail of cold resistance You throw a stone.
The stone hits Terence but does no damage.
Attack whom?
Press: ? - help, Dir - move target cursor, f/p - Terence
Aim: Terence, wielding a +0 flail and wearing a +0 chain mail of cold resistance You reach to attack!
You hit Terence.
Terence is lightly wounded.
You barely miss Terence.
Terence is lightly wounded.
Terence barely misses you.
You hit Terence.
Terence is lightly wounded.
Terence hits you with a +0 flail.
You hit Terence.
Terence is moderately wounded.
You hit Terence but do no damage.
Terence is moderately wounded.
Terence hits you with a +0 flail!
You are too injured to fight recklessly!
You are too injured to fight recklessly!
You are too injured to fight recklessly!
You are too injured to fight recklessly!
You are too injured to fight recklessly!
You are too injured to fight recklessly!
You are too injured to fight recklessly!
You are too injured to fight recklessly!
You are too injured to fight recklessly!
You are too injured to fight recklessly!
You are too injured to fight recklessly!
You are too injured to fight recklessly!
You are too injured to fight recklessly!
You are too injured to fight recklessly!
You are too injured to fight recklessly!
You are too injured to fight recklessly!
You are too injured to fight recklessly!
You are too injured to fight recklessly!
You are too injured to fight recklessly!
You are too injured to fight recklessly!
You are too injured to fight recklessly!
You are too injured to fight recklessly!
You are too injured to fight recklessly!
You are too injured to fight recklessly!
You hit Terence but do no damage.
Terence is moderately wounded.
Your magical infusion is running out.
Terence hits you with a +0 flail!
You hit Terence.
Terence is heavily wounded.
You hit Terence.
Terence is heavily wounded.
Terence misses you.
You closely miss Terence.
Terence is heavily wounded.
Terence hits you with a +0 flail.
* * * LOW HITPOINT WARNING * * *
You hit Terence but do no damage.
Terence is heavily wounded.
You hit Terence but do no damage.
Terence is heavily wounded.
Terence hits you but does no damage.
You hit Terence but do no damage.
Terence is heavily wounded.
Terence hits you with a +0 flail.
* * * LOW HITPOINT WARNING * * *
You hit Terence.
Terence is severely wounded.
You hit Terence.
Terence is almost dead.
You are no longer magically infusing your attacks.
Terence closely misses you.
You hit Terence but do no damage.
Terence is almost dead.
Terence misses you.
You hit Terence but do no damage.
Terence is almost dead.
You hit Terence but do no damage.
Terence is almost dead.
Terence hits you but does no damage.
You closely miss Terence.
Terence is almost dead.
Terence hits you with a +0 flail.
* * * LOW HITPOINT WARNING * * *
You hit Terence but do no damage.
Terence is almost dead.
You hit Terence but do no damage.
Terence is almost dead.
Terence barely misses you.
You closely miss Terence.
Terence is almost dead.
Terence completely misses you.
You barely miss Terence.
Terence is almost dead.
You hit Terence.
Terence is almost dead.
Terence hits you with a +0 flail.
You die...

##÷.#####..#.###.#.#..#
##.÷.## ##..###.###..##
......####..###.⌠.###.#
...##..##...##.#.#.##.###
##.###.##...#.#.###.#...#
##.# .#...#.♣.###.♣.#..#
#..# #...#..#.###.#.#...#
..## #...##.####.####.#.#
.## ...#.###. #.@.# .##.#
.# ).###.# #.##@##.# .#
.##.# .# # .#. # ## ##..#
#( .. ...# .. ... .####
..# #### ....# .# ....#
.# ....#


You could see Terence.

Vanquished Creatures
  An adder (D:3)
  An ooze (D:1)
  A worm (D:2)
  A dart slug (D:2)
  A leopard gecko (D:2)
  An orc (D:3)
  3 giant cockroaches
  9 goblins
  5 hobgoblins
  4 jackals (D:3)
  14 bats
  2 frilled lizards
  3 kobolds
  3 rats
49 creatures vanquished.

Notes
Turn   | Place    | Note
-------+----------+-------------------------------------------
     0 | D:1      | MisterOstroum the Merfolk Skald began the quest for the
                  | Orb.
     0 | D:1      | Reached XP level 1. HP: 16/16 MP: 3/3
   416 | D:1      | Reached XP level 2. HP: 23/23 MP: 0/5
   614 | D:1      | Reached skill level 4 in Polearms
  1084 | D:1      | Reached XP level 3. HP: 28/28 MP: 6/6
  1361 | D:2      | Found a faded altar of an unknown god.
  1647 | D:2      | Reached skill level 5 in Polearms
  2121 | D:3      | Reached XP level 4. HP: 22/35 MP: 2/7
  2466 | D:3      | Noticed Terence
  2492 | D:3      | Slain by Terence

Skill      XL: |  1  2  3 |
---------------+----------+-----
Polearms       | 4 5 |  5.5
Fighting       | 3 |  3.2
Armour         | |  0.6
Dodging        | |  2.6
Spellcasting   | |  2.0
Charms         | |  3.2

Action                   |  1- 3 |  4- 6 || total
-------------------------+-------+-------++-------
Melee: Spear             |   177 |    37 ||   214
Throw: Stone             |    73 |     6 ||    79
 Cast: Infusion          |     9 |     2 ||    11
  Use: Potion            |       |     3 ||     3
 Stab: Sleeping          |       |     1 ||     1
  Eat: Chunk             |     4 |     1 ||     5
Armor: Leather armour    |    41 |     6 ||    47
Dodge: Dodged            |    83 |    12 ||    95
